 Dungeon Crawl Stone Soup version 0.21-a0-529-g8c7b3f5 (webtiles) character file.

14 slep the Chopper (level 2, 0/15 HPs)
             Began as a Vine Stalker Gladiator on Dec 10, 2017.
             Succumbed to an adder's poison
             ... on level 2 of the Dungeon.
             The game lasted 00:00:43 (113 turns).

slep the Chopper (Vine Stalker Gladiator)            Turns: 113, Time: 00:00:43

Health: 0/15       AC:  4    Str: 16    XL:     2   Next: 45%
Magic:  1/3        EV: 13    Int:  8    God:
Gold:   0          SH:  0    Dex: 15    Spells: 1/1 levels left

rFire    . . .     SeeInvis .   a - +0 war axe
rCold    . . .     Gourm    .   (no shield)
rNeg     . . .     Faith    .   b - +0 leather armour
rPois    .         Spirit   +   c - +0 helmet
rElec    .         Reflect  .   (no cloak)
rCorr    .         Harm     .   (no gloves)
MR       .....                  (no boots)
Stlth    +.........             (no amulet)
HPRegen  0.05/turn              (no ring)
MPRegen  0.08/turn              (no ring)

@: lethally poisoned (0 -> -2)
A: fangs 2, magic shield, antimagic bite, no potion heal 3, rot immunity
a: no special abilities


You were on level 2 of the Dungeon.
You were not hungry.

You visited 1 branch of the dungeon, and saw 2 of its levels.

Inventory:

Hand Weapons
 a - a +0 war axe (weapon)
Missiles
 d - 3 throwing nets (quivered)
Armour
 b - a +0 leather armour (worn)
 c - a +0 helmet (worn)
Magical Staves
 g - an uncursed staff of energy {unknown}
Scrolls
 e - a scroll of remove curse {unknown}
 h - a scroll of teleportation {unknown}
Comestibles
 f - a bread ration


   Skills:
 + Level 1.9 Fighting
 + Level 3.0 Axes
 + Level 1.8 Throwing
 + Level 2.7 Dodging


You had one spell level left.
You didn't know any spells.

Dungeon Overview and Level Annotations

Branches:
Dungeon (1/15)

Altars:


Innate Abilities, Weirdness & Mutations

You have extremely sharp teeth.
When hurt, damage is shared between your health and your magic reserves.
Your bite disrupts and absorbs the magic of your enemies.
Potions cannot restore your health.
You are immune to rotting.


Message History

You see here a stone.
A quokka comes into view.
The kobold completely misses you.
You miss the kobold. The kobold hits you.
* * * LOW HITPOINT WARNING * * *
You closely miss the kobold. You bite the kobold. You drain its power.
You feel invigorated.
The kobold is moderately wounded.
* * * LOW HITPOINT WARNING * * *
You feel sick. The kobold hits you but does no damage. The quokka bites you.
* * * LOW HITPOINT WARNING * * *
You slash the kobold!
You kill the kobold!
You closely miss the quokka. The quokka misses you.
You closely miss the quokka. You bite the quokka, but do no damage.
The quokka bites you but does no damage.
The quokka barely misses you.
You hit the quokka. Your bite misses the quokka.
The quokka is moderately wounded.
You die...

#.......# .#
#.......# ####.##
#.......###.....#
#.........#.#.#
#........†#.#.#
###?...(....#.#.#
#..(..(.......#.####
#.....####.........#
#...@.# #...###.#.#
#..r..# #...#...#.#
#.....# #...#.#...#
#.....# #...#.#...#
#####.. .####.#...#
#[.... #.#...# #...
#.#...# .... ......#
.##.#.#


You could see a quokka.

Vanquished Creatures
  An adder (D:2)
  2 kobolds
  A bat (D:2)
  A frilled lizard (D:2)
  2 rats (D:1)
7 creatures vanquished.

Notes
Turn   | Place    | Note
-------+----------+-------------------------------------------
     0 | D:1      | slep the Vine Stalker Gladiator began the quest for the Orb.
     0 | D:1      | Reached XP level 1. HP: 11/11 MP: 2/2
    70 | D:1      | You fall through a shaft!
   101 | D:2      | Reached skill level 3 in Axes
   101 | D:2      | Reached XP level 2. HP: 5/15 MP: 0/3
   113 | D:2      | Succumbed to an adder's poison

Vault maps used:
D:1:      evilmike_arrival_fibonacci_small, nrook_mini_vaults
D:2:      first_bread, lemuel_blue_sif_altar

Skill      XL: |  1 |
---------------+----+-----
Axes           | 3 |  3.0
Fighting       | |  1.9
Throwing       | |  1.8
Dodging        | |  2.7

Action                   || total
-------------------------++-------
Melee: War axe           ||    20
       Bite              ||     4
Armor: Leather armour    ||    13
Dodge: Dodged            ||    12

Table legend:
 A = Spawn XP
 B = Non-spawn XP
 C = Spawn XP percentage of total XP
 D = Spawn monster count
 E = Non-spawn monster count
 F = Spawn count percentage of total count
 G = Total turns spent on level
                    A         B        C        D         E        F      G
               +---------+---------+-------+---------+---------+-------+---------
         Total |       0 |      21 |   0.0 |       0 |       7 |   0.0 |   113
               +---------+---------+-------+---------+---------+-------+---------
           D:1 |       0 |       4 |   0.0 |       0 |       3 |   0.0 |    70
           D:2 |       0 |      17 |   0.0 |       0 |       4 |   0.0 |    43
               +---------+---------+-------+---------+---------+-------+---------
